 Dungeon Crawl Stone Soup version 0.26-a0-1147-g3780a7a11b (webtiles) character file.

Game seed: 5590390783224547758

21155 Aviak the Frost Mage (level 12, -22/92 HPs)
             Began as a Gnoll Ice Elementalist on Dec 22, 2020.
             Was an Initiate of Gozag.
             Annihilated by a bog body (27 damage)
             ... on level 3 of the Lair of Beasts.
             The game lasted 00:27:19 (16837 turns).

Aviak the Frost Mage (Gnoll Ice Elementalist)      Turns: 16837, Time: 00:27:19

Health: -22/92     AC:  9    Str: 21    XL:     12   Next: 87%
Magic:  25/25      EV: 18    Int: 22    God:    Gozag
Gold:   1630       SH:  0    Dex: 16    Spells: 3/29 levels left

rFire    . . .     SeeInvis .   M - +7 rapier "Demonbane" {drain, rElec Str+4}
rCold    . . .     Faith    .   (no shield)
rNeg     . . .     Spirit   .   B - +2 robe {Archmagi}
rPois    .         Reflect  .   (no helmet)
rElec    +         Harm     .   (no cloak)
rCorr    +         Rampage  .   w - +0 pair of gloves
Will     .....                  L - +2 pair of boots
Stlth    ++++......             (no amulet)
HPRegen  0.25/turn              s - ring of resist corrosion
MPRegen  0.19/turn              D - +6 ring of strength

@: slowed, studying Earth Magic, very slow
A: distributed training, fangs 1, strong nose
a: Renounce Religion, Potion Petition, Call Merchant, Bribe Branch


You were on level 3 of the Lair of Beasts.
You worshipped Gozag.
Gozag was most pleased with you.
You visited 3 branches of the dungeon, and saw 15 of its levels.
You also visited: Ossuary.

You collected 3663 gold pieces.
You spent 1092 gold pieces at shops.
You paid 941 gold pieces to Gozag.

Inventory:

Hand Weapons
 M - the +7 rapier "Demonbane" (weapon) {drain, rElec Str+4}
   (You took it off an orc on level 7 of the Dungeon)

   A truly terrible weapon, it drains the life of those it strikes.
   It affects your strength (+4).
   It insulates you from electricity.
Armour
 k - the +2 hood of the Assassin {Detection Stab+ Stlth++}
   (You found it on level 3 of the Lair of Beasts)

   It makes you much more stealthy.
 n - a +0 tower shield
 w - a +0 pair of gloves (worn)
 y - a +3 leather armour of positive energy
 B - a +2 robe of the Archmagi (worn)
 G - a +0 kite shield
 L - a +2 pair of boots (worn)
 T - a +0 helmet
Magical Staves
 d - an uncursed staff of conjuration {!a}
Jewellery
 b - an uncursed ring of flight {unknown}
 s - a ring of resist corrosion (left hand)
 D - a +6 ring of strength (right hand)
 E - an uncursed ring of ice
 Q - an uncursed ring of magical power
 Z - an uncursed ring of see invisible
Wands
 a - a wand of digging (19)
 m - a wand of enslavement (17)
 q - a wand of random effects (17)
 A - a wand of iceblast (2)
 H - a wand of polymorph (8)
 I - a wand of flame (55)
Scrolls
 e - 4 scrolls of magic mapping
 g - 4 scrolls of enchant armour
 i - 7 scrolls of identify
 j - 2 scrolls of immolation {unknown}
 o - a scroll of fear
 p - 3 scrolls of enchant weapon
 r - 5 scrolls of remove curse
 t - 2 scrolls of teleportation
 u - 4 scrolls of amnesia
 x - 4 scrolls of blinking
 J - 3 scrolls of fog {unknown}
 K - a scroll of holy word {unknown}
 S - a scroll of torment {unknown}
Potions
 c - 4 potions of curing
 f - a potion of haste
 h - 5 potions of heal wounds
 l - a potion of cancellation
 z - 4 potions of berserk rage
 C - 4 potions of might
 F - 6 potions of flight
 N - a potion of lignification {!q}
 O - a potion of brilliance
 R - 3 potions of attraction
Books
 P - a manual of Earth Magic
Miscellaneous
 v - a phantom mirror (inert)


   Skills:
 + Level 7.7 Fighting
 + Level 7.7 Short Blades
 + Level 7.7 Long Blades
 + Level 7.7 Axes
 + Level 7.7 Maces & Flails
 + Level 7.7 Polearms
 + Level 7.7 Staves
 + Level 7.7 Slings
 + Level 7.7 Bows
 + Level 7.7 Crossbows
 + Level 7.7 Throwing
 + Level 7.7 Armour
 + Level 9.0 Dodging
 + Level 8.8 Stealth
 + Level 7.7 Shields
 + Level 7.7 Unarmed Combat
 + Level 9.2 Spellcasting
 + Level 6.4 Conjurations
 + Level 6.4 Hexes
 + Level 6.4 Summonings
 + Level 6.4 Necromancy
 + Level 6.4 Translocations
 + Level 6.4 Transmutations
 + Level 6.4 Fire Magic
 + Level 9.6 Ice Magic
 + Level 6.4 Air Magic
 + Level 7.7 Earth Magic
 + Level 6.4 Poison Magic
 + Level 8.4 Invocations
 + Level 7.7 Evocations


You had 3 spell levels left.
You knew the following spells:

 Your Spells              Type           Power        Failure   Level
a - Freeze                Ice            100%         1%          1
b - Frozen Ramparts       Ice            100%         1%          3
c - Ozocubu's Armour      Ice            68%          1%          3
d - Hailstorm             Conj/Ice       62%          2%          4
e - Summon Ice Beast      Ice/Summ       62%          2%          4
f - Summon Lightning Spi  Summ/Air       55%          4%          4
g - Silence               Hex/Air        27%          13%         5
t - Swiftness             Air            55%          1%          2

Your spell library contained the following spells:

 Spells                   Type           Power        Failure   Level
 Shock                    Conj/Air       100%         1%          1
 Blink                    Tloc           N/A          1%          2
 Corpse Rot               Necr/Air       N/A          1%          2
 Gell's Gravitas          Tloc           27%          1%          3
 Lesser Beckoning         Tloc           27%          1%          3
 Static Discharge         Conj/Air       55%          1%          3
 Teleport Other           Tloc           55%          1%          3
 Ice Form                 Ice/Tmut       62%          2%          4
 Airstrike                Air            27%          4%          4
 Passage of Golubria      Tloc           N/A          4%          4
 Metabolic Englaciation   Hex/Ice        31%          7%          5
 Lightning Bolt           Conj/Air       27%          13%         5
 Summon Forest            Summ/Tloc      27%          13%         5
 Ozocubu's Refrigeration  Ice            34%          19%         6
 Simulacrum               Ice/Necr       31%          36%         6
 Freezing Cloud           Conj/Ice/Air   29%          43%         6
 Conjure Ball Lightning   Conj/Air       27%          58%         6
 Shadow Creatures         Summ           N/A          58%         6
 Tornado                  Air            27%          100%        9


Dungeon Overview and Level Annotations

Branches:
Dungeon (11/15)            Temple (1/1) D:7            Lair (3/6) D:9
  Swamp (0/4) Lair:3          Orc (0/2) D:11        Ossuary (visited)
  Snake: Lair:2-4    Spider: Lair:2-4

Altars:
Ashenzari
Cheibriados
Dithmenos
Elyvilon
Fedhas
Gozag
Hepliaklqana
Kikubaaqudgha
Makhleb
Nemelex Xobeh
Okawaru
Qazlal
Ru
Sif Muna
Trog
Uskayaw
Vehumet
Wu Jian
Xom
Yredelemnul
Zin
The Shining One

Shops:
D:9 :

Annotations:
Lair:1 exclusion: 3 oklob plants


Innate Abilities, Weirdness & Mutations

Your experience applies equally to all skills.
You have very sharp teeth.
Your uncanny sense of smell can sniff out nearby items.


Message History

You start putting on your armour.
You continue putting on the +2 hood of the Assassin {Detection Stab+ Stlth++}.
The bog body touches you!
Keep equipping yourself?
The bog body freezes you!!
You continue putting on the +2 hood of the Assassin {Detection Stab+ Stlth++}.
The bog body completely misses you.
You continue putting on the +2 hood of the Assassin {Detection Stab+ Stlth++}.
The bog body touches you. The bog body freezes you!
You continue putting on the +2 hood of the Assassin {Detection Stab+ Stlth++}.
The bog body gestures at you while chanting.
You feel yourself slow down.
You continue putting on the +2 hood of the Assassin {Detection Stab+ Stlth++}.
The bog body touches you! The bog body freezes you!!
* * * LOW HITPOINT WARNING * * *
The bog body touches you.
* * * LOW HITPOINT WARNING * * *
The bog body freezes you!!
You die...
Your body crumbles into a pile of gold.

#.....§§§≈§
#....P(≈≈§♣
....P#
##......§≈≈≈
. .....#
#........≈ .
......#
#......
.###....##
#....## ∆
.#.P.....#
#.....#
........#
#.n..##
........##
#.@..#
.........#
##....#
.........#
#.....##
...#....##
###.$...#
.###....#
#.#.....#
.###....#
#......#
.##P....##
#..!..###P.
..#......#
###.^.......
.###.....#
#.#.........


You could see a bog body.

Vanquished Creatures
  A boulder beetle (D:7)
  A two-headed ogre (D:11)
  Pikel (D:7)
  2 manticores
  2 black mambas
  4 cane toads
  A centaur skeleton (D:10)
  3 komodo dragons
  3 trolls
  Sigmund (D:3)
  A wraith (D:8)
  Eustachio (D:5)
  29 yaks
  Grum (D:8)
  A basilisk (Lair:1)
  2 wyverns
  A soldier ant (D:11)
  3 water moccasins
  11 orc warriors
  A swamp drake (D:11)
  2 eyes of draining (D:7)
  A hornet zombie (D:9)
  4 ice beasts
  A necrophage (D:9)
  5 ogres
  9 wolves
  7 centaurs
  A lemure (D:7)
  A big kobold (D:6)
  12 bullfrogs
  10 scorpions
  2 water moccasin skeletons
  14 killer bees
  24 wights
  8 howler monkeys
  A quasit (D:11)
  2 bullfrog zombies (D:10)
  A bullfrog skeleton (D:7)
  11 orc priests
  3 hounds
  3 jellies
  6 iguanas
  Jessica (D:3)
  Natasha (thrice) (D:3)
  Terence (D:3)
  18 orc wizards
  11 worker ants
  2 killer bee zombies
  2 big kobold zombies (Ossuary)
  2 mummies (Ossuary)
  4 worker ant zombies
  2 howler monkey skeletons
  7 adders
  3 shadow imps
  An ufetubus (D:5)
  2 adder skeletons
  An adder zombie (D:7)
  2 worms
  2 dart slugs (D:1)
  4 leopard geckos
  68 orcs
  3 ball pythons
  3 giant cockroaches
  5 gnoll zombies (Ossuary)
  10 goblins
  5 hobgoblins
  9 kobolds
  7 quokkas
  8 bats
  3 frilled lizards
  2 goblin zombies (Ossuary)
  2 jackal skeletons (D:5)
  A jackal zombie (D:7)
  A leopard gecko skeleton (D:3)
  3 orc zombies (Ossuary)
  A quokka skeleton (D:6)
  A quokka zombie (D:9)
  9 rats
407 creatures vanquished.

Vanquished Creatures (collateral kills)
  A hydra (Lair:1)
  An orc warrior (D:9)
  2 centaurs (D:11)
  A wight (D:10)
  A centaur skeleton (D:8)
  2 orc wizards (D:11)
  An adder skeleton (D:9)
  4 orcs
  A hobgoblin zombie (Ossuary)
  An orc zombie (Ossuary)
15 creatures vanquished.

Vanquished Creatures (others)
  27 fungi
  25 plants
52 creatures vanquished.

Grand Total: 474 creatures vanquished

Notes
Turn   | Place    | Note
-------+----------+-------------------------------------------
     0 | D:1      | Aviak the Gnoll Ice Elementalist began the quest for the
                  | Orb.
     0 | D:1      | Reached XP level 1. HP: 13/13 MP: 6/6
    16 | D:1      | Reached XP level 2. HP: 11/19 MP: 0/7
   689 | D:1      | Reached XP level 3. HP: 24/25 MP: 9/9
   707 | D:1      | Reached skill level 5 in Spellcasting
  1027 | D:2      | Found a burning altar of Makhleb.
  1029 | D:2      | Found an ancient bone altar of Kikubaaqudgha.
  1031 | D:2      | Found a snail-covered altar of Cheibriados.
  1032 | D:2      | Found an ornate altar of the Wu Jian Council.
  1033 | D:2      | Found a glowing silver altar of Zin.
  1160 | D:2      | Reached skill level 1 in Invocations
  1551 | D:3      | Noticed Natasha
  1556 | D:3      | Killed Natasha
  1557 | D:3      | Reached skill level 1 in Fighting
  1557 | D:3      | Reached skill level 1 in Short Blades
  1557 | D:3      | Reached skill level 1 in Long Blades
  1557 | D:3      | Reached skill level 1 in Axes
  1557 | D:3      | Reached skill level 1 in Maces & Flails
  1557 | D:3      | Reached skill level 1 in Polearms
  1557 | D:3      | Reached skill level 1 in Staves
  1557 | D:3      | Reached skill level 1 in Slings
  1557 | D:3      | Reached skill level 1 in Bows
  1557 | D:3      | Reached skill level 1 in Crossbows
  1557 | D:3      | Reached skill level 1 in Throwing
  1557 | D:3      | Reached skill level 1 in Armour
  1557 | D:3      | Reached skill level 1 in Shields
  1557 | D:3      | Reached skill level 1 in Unarmed Combat
  1557 | D:3      | Reached skill level 1 in Evocations
  1557 | D:3      | Reached XP level 4. HP: 32/32 MP: 8/11
  1561 | D:3      | Learned a level 3 spell: Frozen Ramparts
  1565 | D:3      | Learned a level 3 spell: Ozocubu's Armour
  1635 | D:3      | Reached skill level 1 in Conjurations
  1635 | D:3      | Reached skill level 1 in Hexes
  1635 | D:3      | Reached skill level 1 in Summonings
  1635 | D:3      | Reached skill level 1 in Necromancy
  1635 | D:3      | Reached skill level 1 in Translocations
  1635 | D:3      | Reached skill level 1 in Transmutations
  1635 | D:3      | Reached skill level 1 in Fire Magic
  1635 | D:3      | Reached skill level 1 in Air Magic
  1635 | D:3      | Reached skill level 1 in Earth Magic
  1635 | D:3      | Reached skill level 1 in Poison Magic
  1903 | D:3      | Noticed Natasha
  1904 | D:3      | Noticed Jessica
  1912 | D:3      | Noticed Sigmund
  1913 | D:3      | Killed Jessica
  1914 | D:3      | Reached XP level 5. HP: 34/37 MP: 8/12
  1916 | D:3      | Noticed Terence
  1928 | D:3      | Killed Natasha
  1929 | D:3      | Killed Sigmund
  1930 | D:3      | Reached skill level 5 in Dodging
  1930 | D:3      | Reached XP level 6. HP: 19/44 MP: 5/14
  1932 | D:3      | Killed Terence
  1979 | D:3      | Noticed Natasha
  1998 | D:3      | Killed Natasha
  2208 | D:3      | Reached XP level 7. HP: 50/50 MP: 15/15
  3345 | D:4      | Reached skill level 5 in Stealth
  3623 | D:4      | Found a shimmering blue altar of Sif Muna.
  3623 | D:4      | Found a hazy altar of Hepliaklqana.
  3624 | D:4      | Found a basalt altar of Yredelemnul.
  3750 | D:5      | Entered Level 5 of the Dungeon
  3909 | D:5      | Found an opulent altar of Gozag.
  3916 | D:5      | Became a worshipper of Gozag Ym Sagoz the Greedy
  4033 | D:5      | Reached XP level 8. HP: 36/57 MP: 12/16
  4512 | D:5      | Noticed Eustachio
  4531 | D:5      | Killed Eustachio
  5112 | D:6      | Reached XP level 9. HP: 36/64 MP: 18/18
  5245 | D:6      | Found a sacrificial altar of Ru.
  6219 | D:6      | Learned a level 4 spell: Hailstorm
  6224 | D:6      | Learned a level 4 spell: Summon Ice Beast
  6227 | D:6      | Learned a level 2 spell: Swiftness
  6414 | D:7      | Noticed a troll
  6427 | D:7      | Killed a troll
  6428 | D:7      | Reached skill level 5 in Invocations
  6643 | D:7      | Reached XP level 10. HP: 69/73 MP: 20/20
  6803 | D:7      | Noticed Pikel
  6809 | D:7      | Noticed a boulder beetle
  6810 | D:7      | Killed Pikel
  6811 | D:7      | Reached skill level 5 in Fighting
  6811 | D:7      | Reached skill level 5 in Short Blades
  6811 | D:7      | Reached skill level 5 in Long Blades
  6811 | D:7      | Reached skill level 5 in Axes
  6811 | D:7      | Reached skill level 5 in Maces & Flails
  6811 | D:7      | Reached skill level 5 in Polearms
  6811 | D:7      | Reached skill level 5 in Staves
  6811 | D:7      | Reached skill level 5 in Slings
  6811 | D:7      | Reached skill level 5 in Bows
  6811 | D:7      | Reached skill level 5 in Crossbows
  6811 | D:7      | Reached skill level 5 in Throwing
  6811 | D:7      | Reached skill level 5 in Armour
  6811 | D:7      | Reached skill level 5 in Shields
  6811 | D:7      | Reached skill level 5 in Unarmed Combat
  6811 | D:7      | Reached skill level 5 in Evocations
  6832 | D:7      | Killed a boulder beetle
  6975 | D:7      | Found a stormy altar of Qazlal.
  7017 | D:7      | Identified the +7 rapier "Demonbane" {drain, rElec Str+4}
  7017 | D:7      | Identified the cursed +1 hunting sling "Roebuneck" {freeze,
                  | Int+2}
  7120 | D:7      | Noticed a manticore
  7127 | D:7      | Killed a manticore
  7537 | D:7      | Found a staircase to the Ecumenical Temple.
  8016 | D:7      | Reached XP level 11. HP: 78/81 MP: 22/22
  8233 | Temple   | Entered the Ecumenical Temple
  8380 | D:8      | Found a sand-covered staircase.
  8410 | Ossuary  | Entered an ossuary
  8575 | Ossuary  | Reached skill level 5 in Earth Magic
  9127 | D:8      | Reached skill level 5 in Conjurations
  9127 | D:8      | Reached skill level 5 in Hexes
  9127 | D:8      | Reached skill level 5 in Summonings
  9127 | D:8      | Reached skill level 5 in Necromancy
  9127 | D:8      | Reached skill level 5 in Translocations
  9127 | D:8      | Reached skill level 5 in Transmutations
  9127 | D:8      | Reached skill level 5 in Fire Magic
  9127 | D:8      | Reached skill level 5 in Air Magic
  9127 | D:8      | Reached skill level 5 in Poison Magic
  9241 | D:8      | Noticed Grum
  9247 | D:8      | Killed Grum
 10371 | D:9      | Found a staircase to the Lair.
 10536 | D:9      | Bought the Guide on Lightness and Creation for 1092 gold
                  | pieces
 11398 | D:10     | Entered Level 10 of the Dungeon
 12324 | D:11     | Noticed a two-headed ogre
 12341 | D:11     | Killed a two-headed ogre
 12909 | D:11     | Found a staircase to the Orcish Mines.
 12956 | D:11     | Reached XP level 12. HP: 89/89 MP: 23/24
 13721 | Lair:1   | Entered Level 1 of the Lair of Beasts
 14007 | Lair:1   | Learned a level 4 spell: Summon Lightning Spire
 14013 | Lair:1   | Learned a level 5 spell: Silence
 14042 | Lair:1   | You fall into a shaft and drop 1 floor!
 15445 | Lair:1   | Noticed a four-headed hydra
 15452 | Lair:1   | Killed a four-headed hydra
 16806 | Lair:3   | Found the +2 hood of the Assassin {Detection Stab+ Stlth++}
 16822 | Lair:3   | Found a staircase to the Swamp.
 16837 | Lair:3   | Annihilated by a bog body

Illustrated notes

Levels and vault maps discovered:
D:1:      lightli_arrival_boilingwater, layout_rooms
D:2:      layout_loops_ring, minitemple, minmay_misc_feat_cross
D:3:      layout_basic, kennysheep_nondescript, uniq_jessica, uniq_natasha,
          uniq_sigmund, uniq_terence
D:4:      layout_rooms, gammafunk_temple_overflow_claw
D:5:      layout_cave_pools, grunt_gozag_breadcrumbs, uniq_eustachio
D:6:      layout_basic, nicolae_ru_great_annihilating_truth
D:7:      minmay_the_grid_octo_tiled_octocenter [minmay_the_grid_octo_teeth,
          minmay_the_grid_octo_odd_swirl, minmay_the_grid_octo_vomiting_pacman,
          minmay_the_grid_octo_fan_narrow, minmay_the_grid_octo_prize_big_c,
          minmay_the_grid_square_5x5_n_small, minmay_the_grid_square_5x5_three,
          minmay_the_grid_square_5x5_minivault,
          minmay_the_grid_square_5x5_shuriken], layout_gridville,
          minmay_temple_entry_junction, minmay_manual_mess, uniq_pikel
D:8:      layout_basic, lightli_ossuary_entry_decrepit_ruins, uniq_grum
D:9:      layout_basic, grunt_lair_entry_orc_guard_hut
D:10:     layout_cave_pools
D:11:     layout_basic, erik_orc_1
Temple:   dshaligram_water_room_temple
Lair:1:   dpeg_oklob_gauntlet, layout_cave_pods, infiniplex_staircase_pool_2
Lair:2:   layout_long_grid, lemuel_fruit_tree
Lair:3:   layout_long_grid, skrybe_swamp_entry_bodies

Skill      XL: |  1  2  3  4  5  6  7  8  9 10 11 12 |
---------------+-------------------------------------+-----
Spellcasting   | 5 6 7 8 9 |  9.2
Invocations    | 1 2 3 4 5 6 7 8 |  8.4
Fighting       | 1 2 3 4 5 6 7 |  7.7
Short Blades   | 1 2 3 4 5 6 7 |  7.7
Long Blades    | 1 2 3 4 5 6 7 |  7.7
Axes           | 1 2 3 4 5 6 7 |  7.7
Maces & Flails | 1 2 3 4 5 6 7 |  7.7
Polearms       | 1 2 3 4 5 6 7 |  7.7
Staves         | 1 2 3 4 5 6 7 |  7.7
Slings         | 1 2 3 4 5 6 7 |  7.7
Bows           | 1 2 3 4 5 6 7 |  7.7
Crossbows      | 1 2 3 4 5 6 7 |  7.7
Throwing       | 1 2 3 4 5 6 7 |  7.7
Armour         | 1 2 3 4 5 6 7 |  7.7
Shields        | 1 2 3 4 5 6 7 |  7.7
Unarmed Combat | 1 2 3 4 5 6 7 |  7.7
Evocations     | 1 2 3 4 5 6 7 |  7.7
Conjurations   | 1 2 3 4 5 6 |  6.4
Hexes          | 1 2 3 4 5 6 |  6.4
Summonings     | 1 2 3 4 5 6 |  6.4
Necromancy     | 1 2 3 4 5 6 |  6.4
Translocations | 1 2 3 4 5 6 |  6.4
Transmutations | 1 2 3 4 5 6 |  6.4
Fire Magic     | 1 2 3 4 5 6 |  6.4
Air Magic      | 1 2 3 4 5 6 |  6.4
Earth Magic    | 1 2 3 4 6 7 |  7.7
Poison Magic   | 1 2 3 4 5 6 |  6.4
Dodging        | 5 6 7 8 9 |  9.0
Stealth        | 5 6 7 8 |  8.8
Ice Magic      | 8 9 |  9.6

Action                   |  1- 3 |  4- 6 |  7- 9 | 10-12 || total
-------------------------+-------+-------+-------+-------++-------
Melee: Unarmed           |    14 |       |       |       ||    14
       Whip              |    45 |    46 |   274 |    60 ||   425
       Bite              |     7 |     3 |    43 |    62 ||   115
       Punch             |       |       |     5 |    21 ||    26
       Rapier            |       |       |       |   498 ||   498
 Cast: Freeze            |    18 |       |       |     3 ||    21
       Frozen Ramparts   |       |     5 |    21 |    41 ||    67
       Ozocubu's Armour  |       |     2 |     7 |     4 ||    13
       Hailstorm         |       |       |       |    15 ||    15
       Summon Ice Beast  |       |       |       |    22 ||    22
       Summon Lightning  |       |       |       |     1 ||     1
Invok: Potion Petition   |       |       |       |     1 ||     1
       Call Merchant     |       |       |       |     1 ||     1
Evoke: Wand              |       |       |    12 |     8 ||    20
       Phantom mirror    |       |       |       |     1 ||     1
  Use: Potion            |       |     4 |     2 |     2 ||     8
       Scroll            |       |       |     1 |    16 ||    17
 Stab: Sleeping          |     8 |     4 |     8 |    17 ||    37
       Distracted        |       |       |     2 |     3 ||     5
Armor: Robe              |     2 |       |    39 |    97 ||   138
       Leather armour    |    15 |     9 |       |       ||    24
       Skin              |       |       |     2 |       ||     2
Dodge: Dodged            |    67 |    35 |   204 |   397 ||   703

Table legend: (Time is in decaauts)
 A = Elapsed time spent in this place.
 B = Non-inter-level travel time spent in this place.
 C = Inter-level travel time spent in this place.
 D = Time resting spent in this place.
 E = Time spent auto-exploring this place.
 F = Levels seen in this place.
 G = Mean time per level.
                   A        B        C        D        E       F      G
               +--------+--------+--------+--------+--------+-----+--------+
         Total |  16761 |  16302 |    459 |   2917 |  10330 |  16 | 1047.6 |
       Dungeon |  13269 |  12890 |    379 |   1665 |   8597 |  11 | 1206.3 |
        Temple |    132 |    110 |     22 |      0 |    109 |   1 |  132.0 |
          Lair |   3098 |   3040 |     58 |   1163 |   1525 |   3 | 1032.7 |
       Ossuary |    261 |    261 |      0 |     89 |     99 |   1 |  261.0 |
               +--------+--------+--------+--------+--------+-----+--------+

Top non-repeatable levels by time:
     D:7: 1841 daAuts
     D:9: 1738 daAuts
     D:6: 1573 daAuts
     D:3: 1540 daAuts
  Lair:1: 1463 daAuts
    D:11: 1343 daAuts
  Lair:2: 1225 daAuts
     D:5: 1062 daAuts
     D:8: 1028 daAuts
    D:10: 938 daAuts
     D:1: 810 daAuts
     D:2: 703 daAuts
     D:4: 690 daAuts
  Lair:3: 409 daAuts
 Ossuary: 261 daAuts
